[Event "The Kvibergspelen 2024"]
[Site "Kviberg Park Hotel & Conference, Krutvagen 2, Gothenburg, Sweden"]
[Date "2024.09.08"]
[Round "8.21"]
[White "Dingertz, Gustav"]
[Black "Bergdahl, Daniel"]
[Result "0-1"]
[TimeControl "15 minutes + 5 seconds per move from move one (Round 1 - 4) / 90 minutes + 30 seconds per move from move one (Round 5 - 8)"]
[WhiteFideId "1767917"]
[BlackFideId "1780921"]
[WhiteElo "1938"]
[BlackElo "1737"]

1. e4 c6 2. Nf3 d5 3. Nc3 dxe4 4. Nxe4 Nf6 5. Qe2 Nxe4 6. Qxe4 Be6 7. c4 Nd7 8. d4 g6 9. Bd2 Bg7 10.
Bc3 Nb6 11. b3 Bf5 12. Qe3 O-O 13. Be2 Qc7 14. O-O Rfe8 15. Rfe1 h5 16. Rad1 Rad8 17. Nh4 Bc8 18. f4 Qd6 19.
Qg3 Nd7 20. Bxh5 gxh5 21. d5 Nf6 22. Re5 Bg4 23. Nf5 Bxf5 24. Rxf5 Kf8 25. Rg5 Bh6 26. Be5 Qd7 27. Bxf6 Bxg5 28.
Bxg5 Qg4 29. Qxg4 hxg4 30. Kf2 cxd5 31. cxd5 Rd7 32. Kg3 f5 33. Rd2 Red8 34. Re2 Kf7 35. Re5 Rxd5 36. Rxe7+ Kg8 37.
Rxb7 R8d7 38. Rxd7 Rxd7 39. Bf6 Kf7 40. Be5 Rd3+ 41. Kh4 Rd2 42. Kg3 Rxa2 43. b4 Ke6 44. Bd4 Kd5 45. Bc5 a5 46.
h3 a4 47. hxg4 fxg4 48. Be7 Rb2 49.
b5 Ke6 50. Bc5 Kf5 51. b6 Rb5 52. Bd4 a3 53. Kf2 Kxf4 0-1